 Dungeon Crawl Stone Soup version 0.31.0-9-g3a7656b989 (webtiles) character file.

Game seed: 14380596382108328682

1250 qw the Skirmisher (level 8, 0/35 (40) HPs)
             Began as a Spriggan Hunter on Feb 2, 2024.
             Slain by a wight
             ... wielding a +0 mace
              (3 damage)
             ... on level 5 of the Dungeon.
             The game lasted 00:00:18 (4756 turns).

qw the Skirmisher (Spriggan Hunter)                 Turns: 4756, Time: 00:00:19

HP:   0/35 (40)     AC:  2    Str:  7    XL:     8   Next: 26%
MP:   9/9           EV: 23    Int: 11    God:
Gold: 298           SH:  0    Dex: 20    Spells: 7/7 levels left

rFire   . . .        k - +0 arbalest
rCold   . . .        (shield currently unavailable)
rNeg    . . .        c - +0 robe
rPois   .            (helmet restricted)
rElec   .            (no cloak)
rCorr   .            (gloves unavailable)
SInv    +            (boots unavailable)
Will    +....        (no amulet)
Stlth   ++           (no ring)
HPRegen 0.25/turn    (no ring)
MPRegen 0.11/turn

%: no passive effects
@: heavily drained, very quick
A: very small, no large weapons, unfitting armour, see invisible, speed 3
a: no special abilities


You were on level 5 of the Dungeon.
You visited 1 branch of the dungeon, and saw 6 of its levels.

You collected 298 gold pieces.


Innate Abilities, Weirdness & Mutations

You are very small and have problems with some larger weapons.
You are too small for most types of armour.
You have supernaturally acute eyesight. (SInv)
You cover ground extremely quickly. (Speed+++)


   Skills:
 - Level 3.2 Fighting
 + Level 8.4 Ranged Weapons
 - Level 8.0 Dodging
 - Level 1.5 Stealth


You had 7 spell levels left.
You didn't know any spells.
Your spell library was empty.

Inventory:

Hand Weapons
 k - a +0 arbalest (weapon)
Armour
 c - a +0 robe (worn)
Jewellery
 b - the amulet of Herap {Acrobat -Tele Regen+ MP+9 Slay+4}
   (You acquired it on level 2 of the Dungeon)

   [amulet of the acrobat]

   Acrobat:   It increases your evasion while moving and waiting.
   Slay+4:    It affects your accuracy & damage with ranged weapons and melee
   (+4).
   MP+9:      It affects your magic capacity (+9).
   -Tele:     It prevents most forms of teleportation.
   Regen+:    It increases your rate of health regeneration.
Wands
 a - a wand of flame (14)
 e - a wand of roots (13)
 h - a wand of mindburst (12)
Scrolls
 f - 2 scrolls of enchant armour
 i - 2 scrolls of identify
 l - 4 scrolls of teleportation
Potions
 d - a potion of curing
 g - a potion of heal wounds
 j - a potion of might

Dungeon Overview and Level Annotations

Branches:
Dungeon (6/15)
 Temple: D:4-7

Altars:
Ashenzari
Fedhas
Okawaru
Ru
Uskayaw
Wu Jian


Message History

The gnoll is moderately wounded.
The gnoll hits you from afar with a +0 spear.
The gnoll barely misses you.
You shoot a bolt. The bolt hits the gnoll.
The gnoll is heavily wounded.
The gnoll closely misses you.
You shoot a bolt. The bolt closely misses the gnoll.
The gnoll misses you. x2
You shoot a bolt. The bolt hits the gnoll!
You kill the gnoll!
A wight comes into view. It is wielding a +0 long sword.
4720 ||| FLEEEEING.
4721 ||| FLEEEEING.
4722 ||| FLEEEEING.
A wight comes into view. It is wielding a +3 spear.
4723 ||| FLEEEEING.
There is a stone staircase leading up here.
4724 ||| STAIRDANCE You climb upwards.
There is a stone staircase leading down here.
You start resting.
HP restored.
You climb downwards.
You hear the sound of rushing water.
There is an entrance to a sewer on this level.
Hurry and find it before the portal rusts away!
You hear the slow rusting of a very distant drain.
The wight misses you.
There is a stone staircase leading up here.
You shoot a bolt. The bolt barely misses the wight.
The wight hits you with a +0 long sword!
You feel drained. The wight closely misses you.
The wight completely misses you.
4754 ||| STAIRDANCE The wight barely misses you.
The wight completely misses you.
You climb upwards.
There is a stone staircase leading down here.
You shoot a bolt. The bolt hits the wight!
The wight is almost destroyed.
The wight hits you with a +0 long sword.
You feel drained. The wight hits you with a +0 mace!
You feel drained.
You die...

....###..#...#'.##...............
.########.....###...######..#).##
.####..................###.....#
...........7...................##
....)........................>...
.###..###.....###..##########..##
.....##.'#...#..##.# #....
.....#...#...#..z#.# #..##
.###.#<.##...##z@#.# #..##
.....####....#####.# #..##
...................# #..##
...................# #....
.....#.##.########## #..##
...)......# #.###
.###.#.##.####### #....
.........[......# #.###
.###.#.##.####### #.#


You could see 2 wights.

Vanquished Creatures
  A water moccasin (D:5)
  A black bear (D:5)
  An ogre (D:5)
  A centaur (D:5)
  A bullfrog (D:6)
  A gnoll sergeant (D:6)
  2 scorpions
  A wight (D:6)
  A bombardier beetle (D:5)
  A hound (D:5)
  2 jellies (D:5)
  An iguana (D:5)
  Jessica (D:2)
  Ijyb (D:3)
  Natasha (thrice) (D:3)
  Terence (D:3)
  3 orc wizards (D:3)
  4 gnolls (D:6)
  7 adders
  3 white imps (D:5)
  2 dart slugs
  2 ribbon worms
  4 orcs
  9 endoplasms
  2 giant cockroaches
  5 goblins
  5 hobgoblins
  6 jackals
  5 kobolds
  4 quokkas
  7 ball pythons
  8 bats
  2 frilled lizards
  6 rats
104 creatures vanquished.

Notes
Turn   | Place    | Note
-------+----------+-------------------------------------------
     0 | D:1      | qw the Spriggan Hunter began the quest for the Orb.
     0 | D:1      | Reached XP level 1. HP: 10/10 MP: 2/2
     0 | D:1      | 0 ||| qw: Version: 0.3-a-155-g5e7d8dd
     0 | D:1      | 0 ||| qw: Game counter: 764
     0 | D:1      | 0 ||| qw: Melee chars always use a shield: true
     0 | D:1      | 0 ||| qw: God list: Okawaru
     0 | D:1      | 0 ||| qw: Allow faded altars: false
     0 | D:1      | 0 ||| qw: Do Orc after clearing Dungeon:15 true
     0 | D:1      | 0 ||| qw: Do second Lair branch before Depths: true
     0 | D:1      | 0 ||| qw: Lair rune preference: random
     0 | D:1      | 0 ||| qw: Goals: Normal
     0 | D:1      | 0 ||| PLANNING D:1-11
    37 | D:1      | Reached skill level 3 in Dodging
    90 | D:1      | Reached XP level 2. HP: 14/14 MP: 3/3
   323 | D:1      | Reached XP level 3. HP: 13/18 MP: 4/4
   723 | D:1      | 723 ||| READING scroll labelled UTOZXI SEKHUMO.
   824 | D:1      | 824 ||| READING scroll labelled XAUMAE DOLA.
   824 | D:1      | 824 ||| ENCHANTING +0 shortbow.
   825 | D:1      | 825 ||| READING scroll labelled OTTYTOMOIC.
   826 | D:1      | 826 ||| DROPPING scroll of butterflies.
  1173 | D:2      | Noticed Jessica
  1177 | D:2      | HP: 4/18 [Jessica/nerve-wracking pain (14)]
  1183 | D:2      | Killed Jessica
  1184 | D:2      | Reached XP level 4. HP: 7/22 MP: 5/5
  1655 | D:2      | 1655 ||| READING scroll labelled LESYLA LEB NYZ.
  1756 | D:2      | 1756 ||| READING scroll labelled KOAQAA RUCO.
  1756 | D:2      | 1756 ||| ENCHANTING +0 shortbow.
  1757 | D:2      | 1757 ||| READING scroll labelled BAXUOFROTUI.
  1757 | D:2      | Identified a scroll of acquirement
  1757 | D:2      | 1757 ||| ACQUIRING amulet of Herap {Acrobat -Tele Regen+
                  | MP+9 Slay+4}
  1757 | D:2      | Acquired the amulet of Herap {Acrobat -Tele Regen+ MP+9
                  | Slay+4}
  1759 | D:2      | 1759 ||| READING scroll labelled SUITUPS MOXO.
  1760 | D:2      | 1760 ||| READING scroll labelled JIARAX KIFENO.
  1761 | D:2      | 1761 ||| DRINKING 2 puce potions.
  1763 | D:2      | 1763 ||| Stepping ~*~*~tactically~*~*~ (cloud).
  1768 | D:2      | HP: 5/22 [poisoned by you (poison gas)]
  1772 | D:2      | HP: 2/22 [poisoned by you (poison gas)]
  1884 | D:3      | Noticed Natasha
  1887 | D:3      | Killed Natasha
  2001 | D:3      | Noticed Natasha
  2008 | D:3      | Killed Natasha
  2009 | D:3      | Reached XP level 5. HP: 23/26 MP: 6/6
  2061 | D:3      | Found a broken altar of Ashenzari.
  2289 | D:3      | Noticed Natasha
  2292 | D:3      | Killed Natasha
  2375 | D:3      | Reached skill level 6 in Ranged Weapons
  2497 | D:3      | Noticed Terence
  2514 | D:3      | Killed Terence
  2515 | D:3      | Reached XP level 6. HP: 27/30 MP: 7/7
  2618 | D:3      | Found an iron altar of Okawaru.
  2619 | D:3      | 2619 ||| PLANNING OKAWARU WORSHIP
  2630 | D:3      | Noticed Ijyb
  2640 | D:3      | Killed Ijyb
  2641 | D:3      | Reached skill level 6 in Dodging
  2641 | D:3      | 2641 ||| FLEEEEING.
  2642 | D:3      | 2642 ||| FLEEEEING.
  2643 | D:3      | 2643 ||| FLEEEEING.
  2648 | D:3      | 2648 ||| FLEEEEING.
  2649 | D:3      | 2649 ||| FLEEEEING.
  2650 | D:3      | 2650 ||| FLEEEEING.
  2651 | D:3      | 2651 ||| FLEEEEING.
  2652 | D:3      | 2652 ||| FLEEEEING.
  2654 | D:3      | 2654 ||| FLEEEEING.
  2655 | D:3      | 2655 ||| FLEEEEING.
  2656 | D:3      | 2656 ||| FLEEEEING.
  2657 | D:3      | 2657 ||| FLEEEEING.
  2658 | D:3      | 2658 ||| FLEEEEING.
  2659 | D:3      | 2659 ||| FLEEEEING.
  2660 | D:3      | 2660 ||| FLEEEEING.
  2661 | D:3      | 2661 ||| FLEEEEING.
  2663 | D:3      | 2663 ||| FLEEEEING.
  2665 | D:3      | 2665 ||| FLEEEEING.
  2668 | D:3      | 2668 ||| FLEEEEING.
  2669 | D:3      | 2669 ||| FLEEEEING.
  2670 | D:3      | 2670 ||| FLEEEEING.
  3010 | D:3      | 3010 ||| READING 2 scrolls of identify.
  3010 | D:3      | 3010 ||| IDENTIFYING green potion
  3011 | D:3      | 3011 ||| READING scroll of identify.
  3011 | D:3      | 3011 ||| IDENTIFYING smoky grey potion
  3012 | D:3      | 3012 ||| PLANNING D:1-11
  3069 | D:4      | Noticed a +0 hand axe
  3069 | D:4      | Noticed a +0 hand axe
  3078 | D:4      | Found a hide-covered altar of Uskayaw.
  3121 | D:4      | Found a sacrificial altar of Ru.
  3233 | D:4      | 3233 ||| SWAPPING to +0 arbalest.
  3234 | D:4      | 3234 ||| DROPPING +1 shortbow.
  3696 | D:4      | 3696 ||| READING 2 scrolls of identify.
  3696 | D:4      | 3696 ||| IDENTIFYING 2 coppery potions
  3697 | D:4      | 3697 ||| DROPPING 2 potions of lignification.
  3731 | D:5      | Entered Level 5 of the Dungeon
  3824 | D:5      | Found a blossoming altar of Fedhas.
  3867 | D:5      | Noticed a water moccasin
  3868 | D:5      | 3868 ||| ZAPPING wand of mindburst (13) at -4,-7 (water
                  | moccasin; floor).
  3872 | D:5      | Killed a water moccasin
  3873 | D:5      | Reached XP level 7. HP: 20/35 MP: 8/8
  4087 | D:5      | Found an ornate altar of the Wu Jian Council.
  4241 | D:5      | 4241 ||| FLEEEEING.
  4242 | D:5      | 4242 ||| FLEEEEING.
  4243 | D:5      | 4243 ||| FLEEEEING.
  4244 | D:5      | 4244 ||| FLEEEEING.
  4246 | D:5      | 4246 ||| FLEEEEING.
  4249 | D:5      | 4249 ||| FLEEEEING.
  4250 | D:5      | 4250 ||| FLEEEEING.
  4251 | D:5      | 4251 ||| FLEEEEING.
  4252 | D:5      | 4252 ||| FLEEEEING.
  4645 | D:5      | 4645 ||| READING 3 scrolls of identify.
  4645 | D:5      | 4645 ||| IDENTIFYING 4 scrolls labelled KITOMU NODOYM
  4688 | D:6      | 4688 ||| PLANNING SEWER
  4689 | D:6      | Reached XP level 8. HP: 39/39 MP: 9/9
  4699 | D:6      | 4699 ||| RETREEEEATING.
  4700 | D:6      | 4700 ||| RETREEEEATING.
  4703 | D:6      | 4703 ||| RETREEEEATING.
  4704 | D:6      | 4704 ||| RETREEEEATING.
  4705 | D:6      | 4705 ||| RETREEEEATING.
  4707 | D:6      | Reached skill level 3 in Fighting
  4720 | D:6      | 4720 ||| FLEEEEING.
  4721 | D:6      | 4721 ||| FLEEEEING.
  4722 | D:6      | 4722 ||| FLEEEEING.
  4723 | D:6      | 4723 ||| FLEEEEING.
  4724 | D:6      | 4724 ||| STAIRDANCE
  4754 | D:6      | 4754 ||| STAIRDANCE
  4756 | D:5      | HP: 3/37 [wight/+0 mace (11)]
  4756 | D:5      | Slain by a wight

Levels and vault maps discovered:
D:1:      dpeg_arrival_boxorama, layout_loops_ring
D:2:      layout_basic, uniq_jessica
D:3:      layout_basic, general_overflow_altar, nicolae_ashenzari_panopticon,
          uniq_terence, uniq_natasha, uniq_ijyb
D:4:      layout_loops_ring, mainiacjoe_overflow_six_doors_small,
          dancing_weapons_uskayaw, minmay_statues_item,
          chequers_serial_rivers_small_a, serial_bayou_pond_e
D:5:      layout_basic, fedhas_altar_1, nzn_wu_jian_contemplation,
          mrwooster_statue_mirror, grunt_ministairs_6, abandoned_shop
D:6:      layout_rooms, minmay_temple_entry_antechambers, portal_sewer_entry_e,
          serial_bayou, serial_bayou_shore_b, serial_bayou_shore_b,
          serial_bayou_lagoon_a, serial_bayou_shore_b,
          ebering_dispersal_statue_hall, nicolae_kite_square_tiling_tiny,
          uniq_sigmund, uniq_crazy_yiuf_cottage

Skill      XL: |  1  2  3  4  5  6  7  8 |
---------------+-------------------------+-----
Dodging        | 3 4 5 6 7 8 |  8.0
Ranged Weapons | 5 6 7 8 |  8.4
Fighting       | 2 3 |  3.2
Stealth        | |  1.5

Action                     |  1- 3 |  4- 6 |  7- 9 || total
---------------------------+-------+-------+-------++-------
   Fire: Shortbow          |   101 |   138 |       ||   239
         Arbalest          |       |    18 |    67 ||    85
  Evoke: Wand              |       |     1 |       ||     1
    Use: Scroll            |     3 |     8 |     1 ||    12
         Potion            |       |     1 |       ||     1
 Armour: Robe              |     8 |    20 |    12 ||    40
  Dodge: Dodged            |    22 |    72 |    41 ||   135

Table legend:
 A = Non-vault XP
 B = Vault XP
 C = Vault XP percentage of total XP
 D = Non-vault monster count
 E = Vault monster count
 F = Vault count percentage of total count
                 A         B        C        D         E       F
            +---------+---------+-------+---------+---------+-------
      Total |    1557 |     229 |  12.8 |      98 |       6 |   5.8
            +---------+---------+-------+---------+---------+-------
        D:1 |      54 |       0 |   0.0 |      32 |       0 |   0.0
        D:2 |      44 |      37 |  45.7 |      11 |       1 |   8.3
        D:3 |     225 |     108 |  32.4 |      24 |       3 |  11.1
        D:4 |     132 |       0 |   0.0 |       9 |       0 |   0.0
        D:5 |     703 |      84 |  10.7 |      14 |       2 |  12.5
        D:6 |     399 |       0 |   0.0 |       8 |       0 |   0.0
            +---------+---------+-------+---------+---------+-------
